Map: Port Aleksander EC

Players

llllllllllll

  • Race: Protoss Protoss
  • League: Master
  • Spawn Location: 11:00

PureLegacy - Winner!

  • Race: Terran Terran
  • League: Master
  • Spawn Location: 5:00

VOD

Have the link to the VOD?

Description

Time

  • Played on: Dec. 7, 2018, 3:04 p.m.
  • Length: 15:31
Show
View Real Time Build Order
Export as new Build Order

llllllllllll Protoss 

Build Orders: Colossus Rush 

Get SALT Encoding   

  12  0:01  Probe  
  13  0:13  Probe  
  14  0:19  Pylon  
  14  0:22  Probe  
  15  0:33  Probe  
  15  0:40  Gateway  
  16  0:44  Probe  
  16  0:49  Assimilator  
  17  0:57  Probe  
  18  1:09  Probe  
  19  1:21  Probe, Pylon  
  19  1:22  Zealot  
  20  1:27  Cybernetics Core  
  22  1:33  Probe  
  23  1:45  Probe  
  24  1:54  Stalker  
  26  2:14  Nexus  
  26  2:17  Probe  
  26  2:23  Stalker  
  26  2:27  Warp Gate  
  29  2:30  Probe  
  29  2:41  Assimilator  
  29  2:45  Probe  
  29  2:50  Robotics Facility  
  31  3:09  Pylon  
  31  3:12  Probe  
  31  3:26  Probe, Stalker  
  34  3:29  Probe  
  33  3:38  Probe  
  34  3:41  Probe  
  35  3:50  Probe  
  35  3:53  Probe  
  37  3:56  Stalker  
  37  3:57  Robotics Bay  
  37  4:00  Probe  
  37  4:02  Probe  
  38  4:06  Shield Battery  
  38  4:08  Probe  
  38  4:09  Observer  
  40  4:10  Probe  
  40  4:17  Probe  
  42  4:18  Gateway  
  42  4:20  Gateway  
  43  4:24  Pylon  
  43  4:25  Probe  
  43  4:27  Probe  
  43  4:31  Warp Prism  
  45  4:35  Probe  
  45  4:37  Probe  
  46  4:44  Probe  
  49  4:47  Assimilator  
  49  4:49  Assimilator  
  50  4:52  Stalker  
  50  4:57  Colossus, Shield Battery  
  52  5:04  Probe  
  53  5:08  Probe  
  60  5:14  Pylon  
  60  5:16  Probe  
  60  5:19  Pylon  
  61  5:32  Pylon  
  61  5:33  Probe  
  62  5:46  Extended Thermal Lance, Nexus  
  62  5:51  Colossus  
  68  6:00  Stalker  
  70  6:04  Stalker  
  70  6:08  Stalker  
  74  6:13  Probe  
  74  6:14  Pylon  
  74  6:15  Probe  
  76  6:23  Pylon  
  76  6:25  Probe  
  77  6:27  Probe  
  78  6:37  Probe  
  78  6:38  Colossus  
  78  6:39  Probe  
  80  6:41  Zealot x2  
  90  6:49  Probe  
  90  6:51  Probe  
  90  6:53  Zealot  
  94  7:01  Probe  
  94  7:02  Forge  
  94  7:04  Forge  
  94  7:08  Observer  
  96  7:09  Zealot x2  
  96  7:15  Probe x2  
  101  7:17  Protoss Ground Weapons Level 1, Pylon  
  101  7:18  Protoss Ground Armor Level 1  
  101  7:22  Stalker  
  103  7:26  Twilight Council  
  103  7:28  Observer  
  103  7:32  Zealot  
  103  7:33  Zealot  
  108  7:53  Zealot x3  
  108  7:58  Pylon  
  109  8:14  Probe x3  
  109  8:15  Zealot x3  
  109  8:16  Charge  
  118  8:20  Assimilator  
  118  8:22  Assimilator  
  118  8:26  Probe x2  
  120  8:28  Photon Cannon  
  120  8:30  Photon Cannon  
  120  8:35  Probe, Gateway x2  
  120  8:37  Gateway  
  120  8:40  Photon Cannon  
  121  8:44  Templar Archives  
  121  8:46  Observer  
  121  8:47  Probe x2  
  121  8:48  Probe  
  124  8:49  Pylon  
  124  8:54  Gateway  
  125  8:58  Pylon  
  125  8:59  Zealot x2  
  129  9:07  Pylon  
  129  9:10  Zealot  
  131  9:20  Protoss Ground Weapons Level 2, Protoss Ground Armor Level 2  
  125  9:28  Probe  
  126  9:32  Psionic Storm  
  126  9:35  High Templar x2, Pylon  
  126  9:36  High Templar x2  
  126  9:37  Zealot x2  
  138  9:38  Immortal  
  138  9:42  Pylon  
  138  9:44  Photon Cannon  
  138  9:50  Probe  
  143  9:54  Pylon  
  143  9:59  Gateway  
  143  10:05  High Templar  
  143  10:06  High Templar x2  
  149  10:08  High Templar, Zealot x2  
  149  10:10  Archon  
  149  10:12  Archon  
  155  10:14  Zealot  
  150  10:32  Zealot x2  
  150  10:34  Warp Prism  
  150  10:45  Zealot x3  
  150  10:49  Pylon  
  156  10:50  Pylon  
  156  10:54  Nexus  
  156  11:00  Pylon  
  156  11:17  Pylon, Warp Prism  
  158  11:19  Pylon  
  158  11:20  Pylon  
  128  11:43  Archon  
  88  11:55  High Templar x6  
  88  11:56  High Templar x2  
  88  11:57  Immortal  
  88  11:58  Protoss Ground Weapons Level 3  
  88  11:59  Archon, Protoss Ground Armor Level 3  
  86  12:01  Archon x2  
  86  12:02  Archon  
  90  12:23  Nexus  
  90  12:27  Zealot  
  90  12:28  Zealot x4  
  100  12:33  Pylon  
  104  12:37  Immortal  
  104  12:44  Zealot x2  
  104  12:45  Zealot  
  110  12:52  High Templar x2  
  110  12:54  Zealot x2  
  110  12:56  High Templar  
  119  13:05  Zealot x3  
  119  13:13  Archon  
  113  13:20  Zealot x2  
  113  13:25  Zealot x3  
  113  13:26  Zealot x2  
  123  13:29  Immortal  
  117  13:36  Zealot  
  119  13:45  Pylon, High Templar x2  
  119  13:46  Pylon, High Templar x2  
  119  13:47  Zealot  
  119  13:48  Zealot x2  
  133  13:49  Archon  
  133  13:50  Archon  
  133  13:57  Zealot  
  135  14:05  Immortal  
  128  14:11  High Templar, Zealot x2  
  138  14:20  Pylon, High Templar x2  
  138  14:21  High Templar  
  142  14:25  Pylon  
  142  14:26  Zealot x2  
  142  14:29  Assimilator  
  146  14:32  Pylon, Assimilator  
  146  14:35  High Templar  
  148  14:44  Immortal  
  152  14:51  Zealot x4  
  159  14:56  Archon  
  137  15:04  Zealot x2  
  137  15:05  Zealot  
  126  15:12  Zealot x2  
  126  15:13  Zealot  
  124  15:19  Probe  
  123  15:26  Zealot  
  123  15:27  Zealot x4  
Show
View Real Time Build Order
Export as new Build Order

PureLegacy Terran - Winner!

Build Orders: Reaper Expand 

Get SALT Encoding   

  12  0:04  SCV  
  13  0:16  SCV  
  13  0:20  Supply Depot  
  14  0:28  SCV  
  15  0:42  SCV  
  16  0:44  Barracks  
  16  0:47  Refinery  
  16  0:54  SCV  
  17  1:08  SCV  
  18  1:22  SCV  
  19  1:38  Orbital Command  
  19  1:39  Reaper  
  20  1:49  Command Center  
  20  1:57  Supply Depot  
  20  2:09  SCV  
  20  2:13  Marine  
  20  2:15  Factory  
  22  2:21  SCV  
  23  2:25  Refinery  
  23  2:32  Barracks Reactor  
  23  2:33  SCV  
  24  2:47  SCV  
  23  2:59  SCV  
  23  3:00  Factory Tech Lab  
  24  3:10  Marine x2  
  24  3:11  SCV  
  27  3:15  Supply Depot  
  27  3:21  Cyclone  
  27  3:26  SCV  
  30  3:28  Marine  
  31  3:36  Marine  
  31  3:44  SCV  
  31  3:46  Orbital Command  
  29  3:53  Starport, Cyclone  
  31  3:56  SCV  
  31  4:02  Marine x2  
  34  4:08  SCV  
  35  4:13  SCV  
  36  4:19  Marine x2  
  36  4:20  SCV  
  39  4:25  SCV, Siege Tank  
  39  4:28  Bunker  
  43  4:32  SCV  
  43  4:36  Medivac, Supply Depot  
  43  4:37  SCV  
  47  4:44  SCV, Marine x2  
  50  4:49  SCV  
  51  4:56  SCV  
  52  5:04  SCV  
  53  5:09  Starport Tech Lab  
  53  5:10  Barracks  
  53  5:11  Engineering Bay  
  53  5:12  Supply Depot, Barracks  
  53  5:13  SCV  
  54  5:16  SCV  
  54  5:19  Marine x2  
  57  5:29  SCV x2  
  57  5:35  Command Center  
  59  5:38  Starport Reactor  
  59  5:41  SCV x2, Marine x2  
  63  5:46  Terran Infantry Weapons Level 1  
  63  5:48  Supply Depot  
  63  5:53  SCV x2  
  65  6:00  Marauder, Stimpack  
  67  6:05  SCV  
  67  6:06  SCV  
  67  6:07  Refinery  
  67  6:08  Refinery, Concussive Shells  
  67  6:10  Marauder, Supply Depot  
  71  6:18  SCV x2  
  73  6:30  SCV x2  
  73  6:31  Marauder, Viking x2  
  78  6:32  Marine  
  78  6:33  Marine  
  79  6:42  SCV x2  
  82  6:54  SCV  
  82  6:56  Orbital Command  
  82  6:58  Marauder x2  
  87  7:01  Barracks, Combat Shield  
  87  7:02  Barracks  
  86  7:09  SCV x2  
  86  7:14  Engineering Bay  
  88  7:16  Armory  
  88  7:19  Marauder  
  88  7:21  SCV  
  88  7:22  SCV  
  92  7:28  Marauder  
  94  7:32  Marine x2  
  94  7:34  Medivac x2  
  100  7:38  Supply Depot  
  100  7:40  SCV, Supply Depot  
  101  7:44  Terran Infantry Armor Level 1  
  101  7:45  Orbital Command  
  101  7:52  Barracks Reactor, Barracks Tech Lab  
  101  7:58  Supply Depot  
  101  7:59  Marine x2  
  101  8:00  SCV x2  
  101  8:11  Medivac x2  
  97  8:13  Marauder x2  
  97  8:14  Marauder  
  97  8:18  SCV x3  
  104  8:20  Marine x2  
  104  8:21  Terran Infantry Weapons Level 2  
  106  8:30  Marine  
  106  8:31  Marine  
  108  8:36  Supply Depot, Barracks x2  
  108  8:44  Marine x2  
  108  8:45  Marauder x2  
  114  8:49  SCV x2, Starport  
  114  8:50  SCV, Supply Depot  
  114  8:52  Refinery  
  114  8:54  Refinery, Marine x2  
  119  8:55  Marine  
  119  8:59  Supply Depot  
  119  9:01  SCV  
  119  9:02  SCV x2  
  123  9:07  Supply Depot, Sensor Tower  
  123  9:08  Terran Ship Weapons Level 1  
  123  9:15  Medivac x2  
  124  9:26  Barracks Tech Lab, Barracks Reactor, Marine x4  
  124  9:27  Marauder, Marine  
  128  9:31  SCV x3  
  128  9:37  Marauder, Starport Reactor  
  132  9:39  Supply Depot  
  132  9:40  Terran Infantry Armor Level 2  
  132  9:47  Viking  
  132  9:50  Command Center  
  132  9:51  Marine x4  
  132  9:52  Marine x2  
  140  9:57  Viking  
  142  10:03  Supply Depot  
  142  10:04  Marauder  
  142  10:05  Ghost Academy  
  144  10:09  Marine x2  
  144  10:10  Marine x5  
  151  10:15  Viking  
  151  10:19  Viking  
  151  10:20  Viking  
  157  10:32  Marine  
  157  10:33  Marine x3  
  157  10:34  Marauder  
  160  10:40  Marine x3  
  160  10:41  Marauder  
  159  10:45  Personal Cloaking, Terran Infantry Weapons Level 3  
  159  10:46  Ghost  
  160  10:50  Marine  
  160  10:54  Ghost  
  160  10:55  SCV x2  
  160  10:56  SCV  
  166  10:58  Ghost  
  168  11:04  Planetary Fortress  
  168  11:05  Sensor Tower  
  168  11:06  Marine x3  
  168  11:10  Marine x4  
  175  11:12  Viking  
  175  11:13  SCV  
  175  11:15  Supply Depot x2  
  175  11:16  SCV x2  
  180  11:22  Ghost  
  182  11:26  Viking  
  182  11:27  Viking  
  131  11:43  Marine x3  
  131  11:44  Marauder x2  
  123  11:51  Marauder, Marine  
  123  11:52  Marauder, Marine  
  114  11:54  Marine  
  112  12:01  Marine x3  
  112  12:05  Marauder x2  
  112  12:06  Medivac x2, Viking x2, Sensor Tower  
  127  12:08  SCV, Marine  
  127  12:09  SCV x2  
  127  12:10  Marine  
  127  12:12  Refinery x2  
  127  12:13  SCV, Marauder, Missile Turret  
  135  12:17  Marine x2  
  135  12:19  Marine  
  138  12:29  Marine x6  
  143  12:32  SCV x2  
  143  12:34  Marauder  
  143  12:36  Marauder  
  150  12:39  Terran Ship Weapons Level 2  
  150  12:40  Marine x2  
  152  12:44  Terran Infantry Armor Level 3  
  152  12:57  Marine x4  
  152  12:58  Marauder x2, Marine  
  161  13:13  Marine  
  161  13:14  Marauder, Marine  
  161  13:16  Ghost  
  161  13:18  Marine x3  
  146  13:34  Marine x2  
  146  13:35  Marauder, Marine x2  
  146  13:36  Marauder, Marine  
  146  13:37  Medivac x3  
  144  13:41  Medivac  
  144  13:42  Marine x2  
  144  13:44  Marine  
  149  13:52  Marine x3  
  149  13:53  Marauder, Barracks  
  149  13:54  Barracks, Marine  
  155  13:56  Marine  
  155  13:57  Marauder  
  155  14:00  Marine x2  
  160  14:03  Marauder  
  159  14:10  Marine x3  
  159  14:11  Marine  
  159  14:14  Marauder  
  159  14:15  Marauder  
  167  14:17  Ghost  
  167  14:20  Marine  
  167  14:21  Marine  
  167  14:23  Ghost  
  172  14:32  Command Center  
  172  14:35  Ghost x2  
  176  14:46  Ghost  
  150  15:02  Marine x4  
  150  15:03  Marauder  
  150  15:04  Marauder, Marine  
  150  15:05  Marine  
  150  15:06  Barracks Tech Lab  
  150  15:07  Barracks Tech Lab  
  152  15:11  Marine  
Tags
 
Add a new tag
Caveats
  • Supply blocks, unpowered buildings, or Contaminate may cause inaccurate times.
  • Supply counts are checked every 10 seconds.